← All builds
Tech / Armada / Economy first / OBSERVED BUILD

Standard tech

Armada Tech (Eco) build order · Supreme Isthmus

Rushes T2 factory and Advanced Metal Extractor while sending the first T2 constructor to Geo, scaling team eco and mex upgrades through the full 15 minutes.

Usually first T2 con to Geo (84%)

#eco #t2 #team support · 901 distinct matches · 120 players · 60% of Armada Tech games · team won 53% of 1034 · Recently observed

HOW TO PLAY IT

Key timing: T2 factory by 4:15

  1. Open mex and wind, start bot lab right away.
  2. Get bot lab up and begin feeding early cons.
  3. Start advanced bot lab to rush T2 factory.
  4. Finish T2 factory and push advanced metal extractor by 5:29.
  5. Build Citadel, Platypus and Umbrella as anti-nuke defence transition.

Phase by phase

TYPICAL OF ITS 901 GAMES
  1. 1
  2. 2
  3. 3
  4. 4
PLAY THE OPENING

Follow the example game's first 6:00 step by step: what to build now, what comes next, and where it goes. At 1× it keeps pace with your own game.

  1. 1

    Up to the Bot Lab

    Economy
    • Metal Extractor3Mex
    • Wind Turbine4Wind
    Order
    1. Bot LabBot Lab after 3 mex, 4 winddone ~1:17, middle half 1:13–1:31

    By 1:01 in all: 3 mex · 4 wind

    The example game in this phase · 3 steps
    1. Mex ×3
    2. Wind ×4
    3. Bot LabBot Labdone 1:16 · typical 1:17
  2. 2

    Bot Lab to Advanced Bot Lab

    Economy
    • Metal Extractor1Mex
    • Wind Turbine8Wind
    • Energy Storage1Energy storage
    Order
    1. Advanced Bot LabAdvanced Bot Lab after 4 mex, 12 wind, 3 con turretdone ~4:15, middle half 4:04–4:28
    Builders
    • Construction Turret3 Con turret
    • Lazarus3 Lazarus
    • Construction Bot2 Con bot
    • Construction Bot1 Con bot for allies

    Some games also: converter (35%)

    By 3:19 in all: 4 mex · 12 wind · 1 energy storage · 3 con turret

    The example game in this phase · 15 steps
    1. Wind
    2. LazarusLazarus ×2
    3. Wind ×2
    4. LazarusLazarus
    5. Wind
    6. Construction BotCon bot
    7. Energy storage
    8. LazarusLazarus
    9. Construction BotCon botfor Air
    10. LazarusLazarus
    11. Construction BotCon bot
    12. Mex
    13. LazarusLazarus
    14. Con turret ×2
    15. Advanced Bot LabAdvanced Bot Labdone 4:15 · typical 4:15
  3. 3

    Advanced Bot Lab to 5:00

    Economy
    • Wind Turbine2Wind
    Order
    1. Bot LabEat Bot Lab
    Builders
    • Advanced Construction Bot1 T2 con bot for allies

    Some games also: converter (35%)

    By 5:00 in all: 4 mex · 15 wind · 2 converter · 1 energy storage · 3 con turret

    The example game in this phase · 9 steps
    1. Con turret
    2. Bot LabEat Bot Labreclaimed for its metal
    3. Wind
    4. Converter ×4
    5. Advanced Construction BotT2 con botfor Geo
    6. Converter
    7. Advanced Construction BotT2 con botfor Air
    8. Converter
    9. Wind
  4. 4

    5:00 to 10:00

    Economy
    • Wind Turbine44Wind
    • Energy Converter6Converter
    Builders
    • Butler8 Butler
    • Advanced Construction Bot4 T2 con bot for allies
    • Advanced Construction Bot1 T2 con bot

    Some games also: con turret (49%) · Butler for allies (37%)

    By 10:00 in all: 4 mex · 59 wind · 8 converter · 1 energy storage · 3 con turret

    The example game in this phase · 180 steps
    1. Advanced Metal ExtractorT2 mex ×2done 5:56 · typical 5:29
    2. Converter
    3. Wind
    4. Energy storage
    5. Advanced Construction BotT2 con bot
    6. Converter
    7. SharpshooterSniper botfor Ponddone 6:51
    8. Wind ×3
    9. Converter
    10. Wind
    11. Advanced Construction BotT2 con botfor Geo sea
    12. Converter
    13. Wind
    14. Converter
    15. Wind
    16. Converter
    17. Advanced Construction BotT2 con botfor Beach sea
    18. Converter
    19. Wind
    20. Advanced Metal ExtractorT2 mex
    21. Converter
    22. Wind
    23. Converter
    24. Wind ×3
    25. Advanced Construction BotT2 con botfor Pond
    26. Wind
    27. WelderWelder
    28. Wind
    29. ButlerButler
    30. Wind ×8
    31. Advanced Construction BotT2 con bot
    32. Advanced Metal ExtractorT2 mex
    33. Wind ×3
    34. ButlerButler
    35. Wind ×2
    36. ButlerButlerfor Beach sea
    37. Wind
    38. ButlerButlerfor Beach sea
    39. Wind
    40. ButlerButlerfor Geo sea
    41. Wind
    42. ButlerButlerfor Geo sea
    43. Wind
    44. Con turret
    45. ButlerButler ×2for Pond
    46. Wind ×3
    47. ButlerButler
    48. Wind ×10
    49. ButlerButler
    50. Wind
    51. ButlerButler
    52. Wind
    53. ButlerButler
    54. Wind
    55. Converter
    56. Wind
    57. ButlerButler
    58. Wind ×2
    59. Converter
    60. Wind ×5
    61. Converter
    62. Wind ×3
    63. WebberWebber
    64. Wind
    65. Converter
    66. WebberWebber
    67. Wind ×4
    68. WebberWebber
    69. Wind ×2
    70. Converter
    71. WebberWebber
    72. Wind ×4
    73. Converter
    74. Wind
    75. Converter
    76. Wind ×3
    77. Converter
    78. Wind ×3
    79. Converter
    80. Wind
    81. Hardened Energy Storage
    82. Wind
    83. Converter
    84. Wind ×2
    85. Converter
    86. Wind ×2
    87. Converter
    88. Con turret
    89. Wind ×3
    90. Converter
    91. Con turret
    92. Fusion ReactorFusiondone 13:23
    93. Wind
    94. Converter
    95. Wind ×3
    96. Aircraft PlantAircraft Plantnot finished by 15:00
    97. Converter
    98. Aircraft PlantEat Aircraft Plantreclaimed for its metal
    99. Wind
    100. UmbrellaAnti-nukedone 12:42
    101. Converter
    102. Wind ×3
    103. Advanced Bot LabEat Advanced Bot Labreclaimed for its metal
    104. Wind
    105. Converter
    106. Wind
    107. Metal storage
    108. Wind
    109. Con turret
    110. Wind ×2
    111. Converter
    112. Con turret
    113. Wind
    114. Converter
    115. Aircraft PlantAircraft Plantdone 13:35
    116. Wind ×3
    117. Metal storage ×2
    118. Converter
    119. Wind
    120. TracerTracer
    121. Wind
    122. Converter
    123. Wind ×2
    124. Converter ×3
    125. Wind
    126. Construction AircraftCon aircraft
    127. Converter ×2
    128. Wind
    129. FalconFighter
    130. Wind ×2
    131. Converter
    132. FalconFighter
    133. Converter
    134. FalconFighter
    135. Wind ×2
    136. FalconFighter
    137. Converter
    138. FalconFighter
    139. Wind
    140. FalconFighter
    141. Wind
    142. Converter
    143. FalconFighter ×2
    144. Wind ×2
    145. FalconFighter
    146. Converter
    147. FalconFighter
    148. Wind ×2
    149. FalconFighter ×2
    150. Converter
    151. FalconFighter
    152. Wind ×2
    153. FalconFighter ×2
    154. Wind ×2
    155. Converter
    156. FalconFighter
    157. Converter
    158. FalconFighter
    159. Wind
    160. FalconFighter
    161. Wind
    162. Converter
    163. StormbringerBomber ×2
    164. Wind ×2
    165. StormbringerBomber
    166. Converter
    167. Wind
    168. StormbringerBomber
    169. Wind
    170. Converter
    171. StormbringerBomber
    172. Wind
    173. Con turret
    174. Wind
    175. Con turret
    176. Wind
    177. Con turret
    178. Converter ×2
    179. StormbringerBomber
    180. Wind

Counts are medians over the build's games: half of them build more, half fewer. The example game is zeus_on_god's (38 OS, 07/10/2026); pick another.

Team trades

IN AT LEAST 30% OF ITS GAMES

You hand over

  • Construction Bot1 Con bot to Airfirst at 2:22 · in 87% of games
  • Advanced Construction Bot5 T2 con bot to Air or Geo sea or Pondfirst at 4:48 · in 99% of games
  • Sharpshooter2 Sniper bot to Pondfirst at 5:23 · in 32% of games
  • Butler2 Butler to Geo sea or Beach sea or Pondfirst at 9:05 · in 42% of games

You get

  • Hercules1 Light transport from Airfirst at 4:00 · in 85% of games

How it plays out

Typical game of this build, running totals by minute

Metal produced

020k40k
0:005:0010:0015:00

metal

Enemy metal destroyed

0100200300
0:005:0010:0015:00

metal

Own metal lost

0100200300
0:005:0010:0015:00

metal

1034 games.

Show as table
ByMetal produced: This buildEnemy metal destroyed: This buildOwn metal lost: This build
1:0038300
2:0091600
3:00164500
4:00316200
5:00486400
6:00580800
7:00723600
8:00911000
9:001125000
10:001358800
11:001643300
12:001999100
13:002375900
14:00276067381
15:0031704295204
WHAT THE NUMBERS SAY

This is the role's textbook T2 rush, posting the highest metal production of any build shown (31617 by 15:00) with almost no early losses.

  • + T2 factory done by 4:15 in 97% of games, extremely consistent.
  • + Own metal lost is only 228 by 15:00, near untouched economy.
  • − Team win rate is the lowest of all builds shown at 53%, fast eco alone doesn't decide games.
THE EXAMPLE YOU ARE READING

zeus_on_god

38.0 OS · 07/10/2026

Open source match ↗

2 received units
3041 metal received · 219940 energy received

Allied construction assistance is unknown. Timings are observations, not a promise of solo reproducibility.

Typical milestones

Bot Lab1:17Middle 50%: 1:13–1:31 · n=1034
Advanced Bot Lab4:15Middle 50%: 4:04–4:28 · n=1028
Advanced Metal Extractor5:29Middle 50%: 5:06–5:59 · n=1032

Played most by

Amrissa100games of this buildKOT_45games of this buildSyphos42games of this buildAdeus39games of this buildWashedGamuer39games of this build